AoeStats
← a.l.a.n.t

Nomad

503473013Analyzed
2v2 RM · 1mo ago on Aug 31, 2026· 82m 7s· 4 players
Game mode
Random Map
Map size
176×176
Population
200
Speed
Normal
Resources
Standard
Victory
Conquest
Starting age
Dark Age
Ending age
Imperial Age
RankedLock teamsTeams togetherTeam positionsShared explorationLock speedFull tech treeHidden civsTurbo modeCheats
Victory
Defeat
🇬🇧 Bohemians · United Kingdom
1268
+9
🇮🇶 Mongols · Iraq
1062
+18
🇩🇪 Italians · Germany
1101
-13
🇩🇪 Persians · Germany
1101
-13
CJJ811
5:10 Loom
12:21 Feudal Age
13:22 Double-Bit Axe
21:02 Castle Age
20:11 Wheelbarrow
20:23 Town Watch
20:48 Scale Barding Armor
22:30 Husbandry
23:35 Chain Barding Armor
23:54 Hand Cart
24:04 Horse Collar
25:44 Fletching
38:31 Forging
41:03 Light Cavalry
41:54 Bloodlines
44:07 Iron Casting
48:07 Imperial Age
47:44 Hussar
49:00 Plate Barding Armor
48:33 Squires
48:35 Scale Mail Armor
49:37 Blast Furnace
53:00 Chain Mail Armor
59:06 Chemistry
jagere
5:04 Loom
13:05 Feudal Age
14:09 Double-Bit Axe
18:32 Castle Age
17:02 Fletching
17:13 Padded Archer Armor
18:36 Stone Mining
18:37 Gold Mining
19:10 Bodkin Arrow
19:31 Leather Archer Armor
21:22 Bloodlines
22:23 Horse Collar
22:59 Bow Saw
23:53 Heavy Plow
36:11 Imperial Age
34:49 Squires
35:28 Scale Mail Armor
36:16 Forging
37:10 Chain Mail Armor
37:51 Iron Casting
41:09 Plate Mail Armor
41:40 Conscription
44:16 Thumb Ring
45:59 Bracer
48:38 Elite Skirmisher
52:04 Ring Archer Armor
54:28 Blast Furnace
53:15 Arson
55:14 Chemistry
54:47 Ballistics
70:14 Crossbowman
70:41 Arbalester
72:39 Masonry
a.l.a.n.t
5:47 Loom
15:38 Feudal Age
19:37 Castle Age
17:52 Double-Bit Axe
18:57 Fletching
22:39 Bodkin Arrow
29:54 Bow Saw
33:33 Pikeman
35:31 Town Watch
40:29 Imperial Age
39:11 Chemistry
39:22 Squires
44:07 Two-Man Saw
48:56 Elite Hussite Wagon
51:03 Murder Holes
51:03 Halberdier
52:53 Scale Mail Armor
55:29 Bracer
68:30 Light Cavalry
69:10 Husbandry
69:21 Scale Barding Armor
69:34 Cavalier
70:57 Chain Barding Armor
72:47 Conscription
aryaszahir958
4:21 Loom
13:52 Feudal Age
20:36 Castle Age
21:40 Double-Bit Axe
30:19 Fletching
30:31 Padded Archer Armor
31:02 Stone Mining
31:04 Gold Mining
38:24 Imperial Age
38:40 Horse Collar
41:11 Gold Shaft Mining
43:48 Bodkin Arrow
44:08 Leather Archer Armor
44:27 Elite Mangudai
48:11 Bracer
50:15 Chemistry
50:41 Bow Saw
60:27 Light Cavalry
61:18 Bloodlines
61:08 Husbandry
62:32 Hussar
64:44 Scale Mail Armor
64:50 Scale Barding Armor
71:48 Heavy Scorpion
Connection lost

Rejoining the realm…

Still unreachable

The connection could not be restored.

Session expired

The server has moved on; the page needs a fresh start.